 Dungeon Crawl Stone Soup version 0.17-a0-1399-gd5b76e1 (webtiles) character file.

1281 urechis the Spear-Bearer (level 8, -2/58 HPs)
             Began as a Merfolk Gladiator on June 19, 2015.
             Killed from afar by an orc wizard (3 damage)
             ... with a puff of flame
             ... on level 5 of the Dungeon.
             The game lasted 00:09:37 (4340 turns).

urechis the Spear-Bearer (Merfolk Gladiator)        Turns: 4340, Time: 00:09:37

Health: -2/58      AC:  6    Str: 14    XL:     8   Next: 54%
Magic:  7/7        EV: 15    Int:  7    God:
Gold:   78         SH:  0    Dex: 14    Spells: 0 memorised, 7 levels left

rFire  + . .     SeeInvis .     a - +0 trident
rCold  . . .     Clarity  .     y - +2 leather armour {rF+}
rNeg   + . .     SustAt   .     (no shield)
rPois  .         Gourm    .     c - +0 helmet
rElec  .         Spirit   .     (no cloak)
rCorr  .         Warding  +     (no gloves)
rMut   .         Stasis   .     (no boots)
MR     +....                    f - amulet of warding
Stlth  +.........               (no ring)
                                h - ring of protection from magic

@: confused, starving, somewhat resistant to hostile enchantments, very
unstealthy
A: change form in water, swift swim, clumsy 1, frail 1, low mp 1, weak 1
a: no special abilities


You were on level 5 of the Dungeon.
You were starving.

You visited 1 branch of the dungeon, and saw 6 of its levels.

You collected 178 gold pieces.
You spent 100 gold pieces at shops.

Inventory:

Hand weapons
 a - a +0 trident (weapon)
Missiles
 d - 3 throwing nets (quivered)
Armour
 c - a +0 helmet (worn)
 y - a +2 leather armour of fire resistance (worn)
 z - a +0 leather armour of poison resistance
Jewellery
 f - an amulet of warding (around neck)
 h - a ring of protection from magic (left hand)
 o - a +3 ring of dexterity {unknown}
 w - the ring of Tixtixte {+Inv rPois rN+ MR+, unknown}
   (You found it on level 5 of the Dungeon)

   [ring of invisibility]

   It protects you from poison.
   It protects you from negative energy.
   It affects your resistance to hostile enchantments.
   It lets you turn invisible.
Scrolls
 b - a scroll of remove curse {unknown}
 g - 3 scrolls of enchant weapon {unknown}
 i - 6 scrolls of identify {unknown}
 k - a scroll of random uselessness {unknown}
 n - a scroll of recharging {unknown}
 p - 2 scrolls of immolation {unknown}
 r - a scroll of enchant armour {unknown}
 t - a scroll of magic mapping {unknown}
 u - a scroll of fear {unknown}
Potions
 s - a potion of might
Comestibles
 e - 4 bread rations
 j - a royal jelly
 m - a slice of pizza
 q - 3 fruits
 v - a meat ration
 x - 2 beef jerkies


   Skills:
 * Level 6.9 Fighting
 - Level 10.3 Polearms
 - Level 2.0 Throwing
 + Level 7.2 Dodging


You had 7 spell levels left.
You didn't know any spells.

Dungeon Overview and Level Annotations

Branches:
Dungeon (6/15)
 Temple: D:4-7

Altars:
Dithmenos

Shops:
D:5 [


Innate Abilities, Weirdness & Mutations

You revert to your normal form in water.
You are very nimble and swift while swimming.
You are clumsy. (Dex -2)
You are frail (-10% HP).
Your magical capacity is low (-10% MP).
You are weak. (Str -2)


Message History

The centaur is heavily wounded.
The centaur hits you but does no damage.
Something hits you but does no damage.
You barely miss the centaur.
The centaur is heavily wounded.
The centaur hits you.
* * * LOW HITPOINT WARNING * * *
Something completely misses you.
You barely miss the centaur.
The centaur is heavily wounded.
The centaur hits you.
* * * LOW HITPOINT WARNING * * *
Something closely misses you. The centaur hits you.
* * * LOW HITPOINT WARNING * * *
You bump into the rock wall.
The centaur hits you!
* * * LOW HITPOINT WARNING * * *
You hear some strange, mumbled words.
A puff of flame appears from out of thin air!
The puff of flame hits you! You resist.
You die...

#.....♣....##.#
#.#.........#.#
#.#.#).#.##.#.#
#.#.####.##.#(# #.#.#
#.##.#.# #.#.#
##.##.#.# #.#.#
#.......# #.#c#
#..##.### #.#@#
#..##.# #.#{# #..##.#
#.#o# #..##.#
#.#.###...#.#
#####.#.........#
##.....#####)##### ##
#.).........)# .#
######..#########.#
.###..............(.(#


You could see a centaur and an orc.

Vanquished Creatures
  The ghost of urechis the Spear-Bearer, an experienced MfGl (D:4)
  2 sky beasts
  An ice beast (D:5)
  An ogre (D:4)
  A centaur (D:5)
  4 orc priests
  A giant frog zombie (D:5)
  A jelly (D:5)
  A hound (D:5)
  Jessica (D:2)
  A giant frog skeleton (D:5)
  2 worker ants (D:4)
  An orc wizard (D:3)
  7 adders
  4 gnolls
  2 oozes
  An adder zombie (D:5)
  A worm (D:2)
  4 giant geckos
  17 orcs
  A ball python (D:1)
  2 bat zombies (D:5)
  4 giant cockroaches
  8 hobgoblins
  7 jackals
  12 kobolds
  6 quokkas
  9 bats
  7 giant newts
  4 goblins
  13 rats
127 creatures vanquished.

Notes
Turn   | Place    | Note
--------------------------------------------------------------
     0 | D:1      | urechis the Merfolk Gladiator began the quest for the Orb.
     0 | D:1      | Reached XP level 1. HP: 16/16 MP: 1/1
   299 | D:1      | Reached skill level 5 in Polearms
   379 | D:1      | Reached XP level 2. HP: 17/22 MP: 2/2
   669 | D:1      | Reached XP level 3. HP: 27/27 MP: 3/3
   680 | D:1      | Reached skill level 6 in Polearms
   935 | D:2      | Noticed Jessica
   958 | D:2      | Killed Jessica
   958 | D:2      | Reached skill level 7 in Polearms
   958 | D:2      | Reached XP level 4. HP: 19/33 MP: 4/4
  1668 | D:3      | Reached skill level 8 in Polearms
  1668 | D:3      | Reached XP level 5. HP: 14/38 MP: 5/5
  2109 | D:3      | Reached skill level 9 in Polearms
  2399 | D:3      | Reached XP level 6. HP: 33/44 MP: 6/6
  2630 | D:4      | Gained mutation: You are clumsy. (Dex -2) [mutagenic meat]
  2631 | D:4      | Gained mutation: You are very clumsy. (Dex -4) [mutagenic meat]
  2632 | D:4      | Gained mutation: You are frail (-10% HP). [mutagenic meat]
  2634 | D:4      | Gained mutation: You can spit weak poison. [mutagenic meat]
  2637 | D:4      | Noticed urechis's ghost (experienced MfGl)
  2654 | D:4      | Killed urechis's ghost
  2654 | D:4      | Reached skill level 10 in Polearms
  2654 | D:4      | Reached skill level 5 in Dodging
  2654 | D:4      | Reached XP level 7. HP: 25/48 MP: 7/7
  3237 | D:4      | Reached skill level 5 in Fighting
  3497 | D:5      | Entered Level 5 of the Dungeon
  3546 | D:5      | Reached XP level 8. HP: 51/55 MP: 8/8
  3879 | D:5      | Got a translucent iron ring
  3884 | D:5      | Found Wuafra Guim's Antique Armour Boutique.
  3893 | D:5      | Bought a runed leather armour for 50 gold pieces
  3893 | D:5      | Bought a runed leather armour for 50 gold pieces
  4098 | D:5      | Gained mutation: You are weak. (Str -2) [mutagenic meat]
  4099 | D:5      | Lost mutation: You are very clumsy. (Dex -4) [mutagenic meat]
  4100 | D:5      | Lost mutation: You can spit weak poison. [mutagenic meat]
  4101 | D:5      | Gained mutation: Your magical capacity is low (-10% MP). [mutagenic meat]
  4181 | D:5      | Found a shadowy altar of Dithmenos.
  4340 | D:5      | HP: 1/58 [centaur (9)]
  4340 | D:5      | Killed from afar by an orc wizard

Vault maps used:
D:1:      dpeg_arrival_tiny_j
D:2:      wad_crossroads, uniq_jessica
D:3:      minmay_door_path, first_bread
D:4:      kennysheep_another_room
D:5:      kennysheep_mini_moat, serial_shops, nicolae_shop_waterfront,
          serial_park_tiny_2
D:6:      temple_statues, basic_altar, uniq_menkaure

Action                   |  1- 3 |  4- 6 |  7- 9 || total
-------------------------+-------+-------+-------++-------
Melee: Trident           |   107 |   216 |   207 ||   530
  Use: Potion            |       |     2 |     3 ||     5
 Stab: Sleeping          |     3 |     5 |     3 ||    11
  Eat: Bread ration      |       |     1 |       ||     1
       Chunk             |       |     6 |     8 ||    14
